 Dungeon Crawl Stone Soup version 0.24.0-2-g5b39cebb1c (webtiles) character file.

Game seed: 5753724467667322742, levelgen mode: deterministic

182 Mrkan the Ruffian (level 5, 0/53 HPs)
             Began as a Troll Monk on Oct 29, 2019.
             Slain by an orc
             ... wielding a +0 dagger
              (2 damage)
             ... on level 3 of the Dungeon.
             The game lasted 00:03:00 (1495 turns).

Mrkan the Ruffian (Troll Monk)                      Turns: 1495, Time: 00:03:00

Health: 0/53       AC:  8    Str: 19    XL:     5   Next: 35%
Magic:  4/4        EV: 10    Int:  7    God:
Gold:   160        SH:  0    Dex: 12    Spells: 4/4 levels left

rFire    . . .     SeeInvis .     - Unarmed
rCold    . . .     Gourm    +   (no shield)
rNeg     . . .     Faith    .   a - +0 robe
rPois    .         Spirit   .   q - +1 hat
rElec    .         Reflect  .   k - +0 cloak
rCorr    .         Harm     .   (gloves unavailable)
MR       .....                  (boots unavailable)
Stlth    +.........             (no amulet)
HPRegen  0.57/turn              (no ring)
MPRegen  0.09/turn              (no ring)

@: confused
A: large, unfitting armour, claws 3, fast metabolism 3, gourmand, regeneration
1, shaggy fur 1, tough skin 3
a: no special abilities


You were on level 3 of the Dungeon.
You were completely stuffed.

You visited 1 branch of the dungeon, and saw 3 of its levels.

You collected 160 gold pieces.

Inventory:

Missiles
 j - 5 boomerangs (quivered)
Armour
 a - a +0 robe (worn)
 k - a +0 cloak (worn)
 q - a +1 hat (worn)
Jewellery
 m - a cursed -3 ring of evasion {unknown}
Wands
 l - a wand of acid (8)
Scrolls
 c - 8 scrolls of identify {unknown}
 d - 3 scrolls of remove curse {unknown}
 e - a scroll of enchant armour {unknown}
 f - a scroll of amnesia {unknown}
 g - 2 scrolls of immolation {unknown}
 r - a scroll of enchant weapon {unknown}
 s - a scroll of fear {unknown}
 t - a scroll of fog {unknown}
Potions
 h - 2 potions of heal wounds {unknown}
 i - a potion of might {unknown}
 n - a potion of haste {unknown}
 o - a potion of lignification {unknown}
 p - a potion of invisibility {unknown}
Comestibles
 b - 10 rations


   Skills:
 + Level 3.5 Fighting
 - Level 2.4 Dodging
 - Level 1.0 Stealth
 * Level 5.3 Unarmed Combat


You had 4 spell levels left.
You didn't know any spells.
Your spell library was empty.

Dungeon Overview and Level Annotations

Branches:
Dungeon (3/15)

Altars:


Innate Abilities, Weirdness & Mutations

You are too large for most types of armour.
You have claws for hands.
Your metabolism is lightning-fast.
You like to eat raw meat.
Your natural rate of healing is unusually fast.
You are covered in fur. (AC +1)
You have extremely tough skin. (AC +3)


Message History

The frilled lizard closely misses you.
The orc wizard casts a spell.
The orc wizard flickers and vanishes!
Deactivating autopickup; reactivate with Ctrl-A.
You bump into the rock wall.
The frilled lizard bites you but does no damage.
Something hits you.
* * * LOW HITPOINT WARNING * * *
Unknown command.
You bump into the rock wall.
The frilled lizard bites you but does no damage.
Something hits you but does no damage.
You claw something!
Reactivating autopickup.
You feel a bit more experienced. The frilled lizard closely misses you.
You miss the orc. The orc hits you but does no damage.
The frilled lizard bites you.
* * * LOW HITPOINT WARNING * * *
You bump into the rock wall.
The orc hits you with a +0 dagger.
You die...

#.#### # #.#.. . # #.#.#
.#.. ##.#.# ##...
.....####...#
.......#..# .........# .
.......g.###########....
.........##gbggl@ooKK...
....$.....gg########....
..........### .
.....[...##
.........####### ###
......[......... ....
#........########...#
#...#..............#
...................#


You could see 3 gnolls, 2 orcs, a hobgoblin, a goblin, a bat, 2 kobolds and a
frilled lizard.

Vanquished Creatures
  Crazy Yiuf (D:2)
  Jessica (D:2)
  An orc wizard (D:3)
  Robin (D:2)
  5 adders (D:2)
  A worm (D:2)
  4 bats
  3 giant cockroaches
  7 goblins
  6 hobgoblins
  A quokka (D:2)
  2 ball pythons (D:2)
  2 frilled lizards (D:1)
  7 kobolds
  10 rats
52 creatures vanquished.

Notes
Turn   | Place    | Note
-------+----------+-------------------------------------------
     0 | D:1      | Mrkan the Troll Monk began the quest for the Orb.
     0 | D:1      | Reached XP level 1. HP: 22/22 MP: 0/0
   207 | D:1      | Reached XP level 2. HP: 29/29 MP: 1/1
   678 | D:2      | Noticed Jessica
   694 | D:2      | Killed Jessica
   694 | D:2      | Reached skill level 4 in Unarmed Combat
   694 | D:2      | Reached XP level 3. HP: 31/36 MP: 2/2
   743 | D:2      | Reached XP level 4. HP: 39/45 MP: 3/3
   755 | D:2      | Noticed Robin
   769 | D:2      | Killed Robin
  1078 | D:2      | Found a runed translucent door.
  1079 | D:2      | Noticed Crazy Yiuf
  1087 | D:2      | Killed Crazy Yiuf
  1087 | D:2      | Reached skill level 5 in Unarmed Combat
  1087 | D:2      | Reached XP level 5. HP: 46/53 MP: 4/4
  1491 | D:3      | HP: 2/53 [something (2)]
  1495 | D:3      | Slain by an orc

Levels and vault maps discovered:
D:1:      dpeg_arrival_central, layout_loops_ring
D:2:      layout_rooms, minmay_rat_gold_closets, uniq_jessica, uniq_robin,
          uniq_crazy_yiuf_cottage
D:3:      layout_rooms, old_standard_altar, grunt_temple_overflow_open,
          uniq_grinder, uniq_sigmund

Skill      XL: |  1  2  3  4 |
---------------+-------------+-----
Unarmed Combat | 4 5 |  5.3
Fighting       | 3 |  3.5
Dodging        | |  2.4
Stealth        | |  1.0

Action                   |  1- 3 |  4- 6 || total
-------------------------+-------+-------++-------
Melee: Unarmed           |    54 |    88 ||   142
       Punch             |       |     3 ||     3
 Stab: Sleeping          |       |     3 ||     3
  Eat: Chunk             |     6 |    13 ||    19
Armor: Robe              |    29 |    40 ||    69
Dodge: Dodged            |    29 |    65 ||    94
